 Dungeon Crawl Stone Soup version 0.31.0-12-g77e489cdc1 (webtiles) character file.

Game seed: 6424371792830052637

34 Doomgape the Ruffian (level 3, 0/27 HPs)
             Began as a Demonspawn Shapeshifter on Feb 18, 2024.
             Slain by a gnoll
             ... wielding a +0 spear
              (6 damage)
             ... on level 2 of the Dungeon.
             The game lasted 00:02:14 (929 turns).

Doomgape the Ruffian (Demonspawn Shapeshifter)       Turns: 929, Time: 00:02:15

Health: 0/27       AC:  3    Str: 16    XL:     3   Next: 14%
Magic:  3/3        EV: 12    Int: 10    God:
Gold:   25         SH:  0    Dex: 18    Spells: 2/2 levels left

rFire   . .          .
                       - Unarmed
rCold   . . .        (no shield)
rNeg    . . .        h - +0 leather armour
rPois   .            (helmet currently unavailable)
rElec   .            (cloak currently unavailable)
rCorr   .            (gloves currently unavailable)
SInv    .            (boots currently unavailable)
Will    .....        (no amulet)
Stlth   +            e - +6 ring of dexterity
HPRegen 0.24/turn    (no ring)
MPRegen 0.08/turn

%: no passive effects
@: beast-form
A: beast (slay +1), hooves 1, demonic touch 1
a: Begin Untransformation


You were on level 2 of the Dungeon.
You were a hulking beast.
You visited 1 branch of the dungeon, and saw 2 of its levels.

You collected 25 gold pieces.

Inventory:

Armour
 h - a +0 leather armour (worn)
Jewellery
 e - a +6 ring of dexterity (left hand)
Talismans
 c - a beast talisman
 d - a flux talisman
Scrolls
 g - a scroll of fog
Potions
 a - a potion of curing {unknown}
 b - 2 potions of lignification
 f - a potion of invisibility {unknown}
 i - a potion of might {unknown}


   Skills:
 + Level 2.0 Fighting
 - Level 1.7 Dodging
 + Level 3.1 Unarmed Combat
 + Level 3.0 Shapeshifting


You had 2 spell levels left.
You didn't know any spells.
Your spell library was empty.

Dungeon Overview and Level Annotations

Branches:
Dungeon (2/15)

Altars:

Annotations:
D:2 Robin


Innate Abilities, Weirdness & Mutations

You are a hulking beast.
Your limbs bulge with bestial killing power. (Slay +1)
You have large cloven feet.
Your touch may inflict minor irresistible damage on your foes.


Message History

Found a short sword.
There is a stone staircase leading up here.
Found a leather armour.
Found a fuming purple potion.
You see here a +0 short sword.
Found 3 gold pieces.
You see here a +0 short sword.
Found a stone staircase leading down.
i - a fuming purple potion You see here a +0 short sword.
A ball python comes into view.
A ball python comes into view.
You see here 3 gold pieces.
You now have 25 gold pieces (gained 3).
The ball python hisses angrily.
You hit the ball python.
You kill the ball python!
Your Fighting skill increases to level 2!
You closely miss the ball python.
You touch the ball python.
You kill the ball python!
You see here a ball python corpse.
Found 7 gold pieces.
The gnoll shouts!
A gnoll comes into view. It is wielding a +0 spear.
Okay, then.
Unknown command.
The gnoll shouts!
The gnoll barely misses you. The gnoll hits you with a +0 spear.
You closely miss the gnoll. The gnoll hits you with a +0 spear.
The gnoll barely misses you.
You hit the gnoll.
The gnoll is moderately wounded.
The gnoll barely misses you. The gnoll hits you with a +0 spear.
You hit the gnoll. You kick the gnoll. Your touch misses the gnoll.
The gnoll is heavily wounded.
The gnoll hits you with a +0 spear!
* * * LOW HITPOINT WARNING * * *
The gnoll closely misses you.
The gnoll hits you from afar with a +0 spear.
You die...

............##########
...^..[.........>.....
###..).#.####.#####
#.##..........
#.##...####.### ####
#.##<..#
.....###.###..#
..........†...#
..#.##.#####h# #.
#....ggg# #.##..######
#.....# #.....#
#.##..# ... ...# ..#.
...... #. . .#.#.###


You could see 3 gnolls.

Vanquished Creatures
  5 ball pythons
  A bat (D:1)
  4 endoplasms (D:1)
  3 goblins (D:1)
  5 hobgoblins (D:1)
  3 jackals (D:1)
  3 quokkas (D:1)
  A frilled lizard (D:1)
  A kobold (D:1)
  2 rats (D:1)
28 creatures vanquished.

Notes
Turn   | Place    | Note
-------+----------+-------------------------------------------
     0 | D:1      | Doomgape the Demonspawn Shapeshifter began the quest for
                  | the Orb.
     0 | D:1      | Reached XP level 1. HP: 15/15 MP: 1/1
     6 | D:1      | Noticed a black bear
     6 | D:1      | Noticed a snapping turtle
     7 | D:1      | Noticed a black mamba
     7 | D:1      | Noticed a lindwurm
   174 | D:1      | Discovered your monstrous ancestry.
   174 | D:1      | Gained mutation: Your touch may inflict minor irresistible
                  | damage on your foes. [demonic ancestry]
   174 | D:1      | Reached XP level 2. HP: 17/21 MP: 2/2
   494 | D:1      | Gained mutation: You have large cloven feet. [demonic
                  | ancestry]
   494 | D:1      | Reached XP level 3. HP: 27/27 MP: 3/3
   804 | D:2      | Noticed Robin
   929 | D:2      | Slain by a gnoll

Illustrated notes

Levels and vault maps discovered:
D:1:      onia_arrival_zoo_common, layout_loops_ring
D:2:      layout_basic, minmay_pentomino_pile, uniq_robin

Skill      XL: |  1  2  3 |
---------------+----------+-----
Unarmed Combat | 3 |  3.1
Shapeshifting  | 3 |  3.0
Fighting       | 2 |  2.0
Dodging        | |  1.7

Action                     || total
---------------------------++-------
  Melee: Unarmed           ||    71
         Punch             ||     2
         Touch             ||     8
         Kick              ||     3
    Use: Scroll            ||     1
   Stab: Sleeping          ||     2
 Armour: Animal skin       ||    17
         Leather armour    ||    15
  Dodge: Dodged            ||    41
